 Dungeon Crawl Stone Soup version 0.29-a0-330-g52719c12eb (webtiles) character file.

Game seed: 6794184859935222476

1738 kae the Firebug (level 8, -1/57 HPs)
             Began as a Demigod Fire Elementalist on Apr 30, 2022.
             Engulfed by a steam dragon's steam (10 damage)
             ... on level 7 of the Dungeon.
             The game lasted 00:04:13 (8244 turns).

kae the Firebug (Demigod Fire Elementalist)         Turns: 8244, Time: 00:04:14

Health: -1/57      AC:  7    Str:  9    XL:     8   Next: 48%
Magic:  15/20      EV: 12    Int: 31    God:
Gold:   314        SH:  0    Dex: 14    Spells: 9/18 levels left

rFire   . . .      SeeInvis +   j - +8 dagger "Unneopt" {protect, *Slow +Blink rPois rN+++ rCorr}
rCold   . . .      Faith    .   (no shield)
rNeg    + + +      Spirit   .   a - +1 robe
rPois   +          Reflect  .   e - +2 helmet {SInv}
rElec   .          Harm     .   m - +0 cloak
rCorr   +          Rampage  .   (no gloves)
Will    +....                   (no boots)
Stlth   ++........              (no amulet)
HPRegen 0.19/turn               c - +6 ring of intelligence
MPRegen 0.17/turn               r - ring of willpower

@: no status effects
A: high MP 1, forlorn, divine attributes
a: Evoke Blink


You were on level 7 of the Dungeon.
You visited 1 branch of the dungeon, and saw 7 of its levels.

You collected 314 gold pieces.

Inventory:

Hand Weapons
 d - a +0 dagger of protection
 j - the +8 dagger "Unneopt" (weapon) {protect, *Slow +Blink rPois rN+++ rCorr}
   (You found it on level 2 of the Dungeon)

   It grants its wielder temporary protection when it strikes (+7 to AC).
   rPois:     It protects you from poison.
   rN:        It renders you almost immune to negative energy.
   +Blink:    It lets you blink.
   rCorr:     It protects you from acid and corrosion.
   *Slow:     It may slow you when you take damage.
Armour
 a - a +1 robe (worn)
 e - a +2 helmet of see invisible (worn)
 m - a +0 cloak (worn)
Jewellery
 c - a +6 ring of intelligence (left hand)
 k - a ring of ice
 r - a ring of willpower (right hand)
Wands
 n - a wand of flame (20)
Scrolls
 h - 2 scrolls of summoning
 i - a scroll of fog
 t - 2 scrolls of enchant armour
 u - a scroll of immolation
Potions
 b - 4 potions of magic
 f - a potion of berserk rage
 l - 2 potions of brilliance
 o - a potion of might
 p - a potion of attraction
 q - a potion of flight
 s - a potion of mutation {unknown}


   Skills:
 - Level 1.7 Dodging
 - Level 1.7 Stealth
 + Level 5.7 Spellcasting
 + Level 5.9 Conjurations
 + Level 6.5 Fire Magic


You had 9 spell levels left.
You knew the following spells:

 Your Spells              Type           Power      Damage    Failure   Level
a - Foxfire               Conj/Fire      100%       2x1d9     1%          1
b - Scorch                Fire           98%        2d9       1%          2
c - Conjure Flame         Conj/Fire      47%        6-21      1%          3
d - Inner Flame           Hex/Fire       29%        N/A       4%          3

Your spell library contained the following spells:

 Spells                   Type           Power      Damage    Failure   Level
 Magic Dart               Conj           100%       1d8       1%          1
 Searing Ray              Conj           90%        2d7       1%          2
 Flame Wave               Conj/Fire      47%        2d10      3%          4
 Sandblast                Erth           16%        2d6       4%          1
 Dazzling Flash           Conj/Hex       54%        N/A       4%          3
 Stone Arrow              Conj/Erth      54%        3d10      4%          3
 Ignite Poison            Fire/Tmut/Pois 22%        N/A       6%          3
 Mephitic Cloud           Conj/Pois/Air  21%        N/A       7%          3
 Passwall                 Tmut/Erth      6%         N/A       8%          2
 Fulminant Prism          Conj/Hex       13%        3d9       16%         4
 Freezing Cloud           Conj/Ice/Air   10%        6-21      54%         5
 Agony                    Necr           8%         N/A       80%         5
 Silence                  Hex/Air        4%         N/A       80%         5
 Chain Lightning          Conj/Air       13%        3d18      100%        9
 Fire Storm               Conj/Fire      23%        8d6       100%        9
 Shatter                  Erth           4%         3d7*      100%        9


Dungeon Overview and Level Annotations

Branches:
Dungeon (7/15)
 Temple: D:4-7

Shops:
D:5 [

Annotations:
D:6 3 runed translucent doors, DrLatency's ghost, amateur FeCK; initializr's ghost, novice PaFi; kae's ghost, novice DgFE


Innate Abilities, Weirdness & Mutations

You have an increased reservoir of magic. (+10% MP)
You shall have no god before yourself.
Your divine heritage dramatically boosts your attributes as you level up.


Message History

Flames lash the steam dragon.
The steam dragon is moderately wounded.
The steam dragon's fire resistance burns away.
Your foxfire dissipates!
The steam dragon breathes steam at you. The ball of steam hits you!!
Casting: Scorch (safe; 1% risk of failure)
Confirm with . or Enter, or press ? or * to list all spells.
You conjure some foxfire!
You are engulfed in a cloud of scalding steam.
* * * LOW HITPOINT WARNING * * *
The foxfire hits the bullfrog.
The bullfrog is lightly wounded.
The steam dragon closely misses you. The steam dragon completely misses you.
You are engulfed in a cloud of scalding steam.
* * * LOW HITPOINT WARNING * * *
The foxfire hits the steam dragon but does no damage.
The steam dragon is moderately wounded.
The bullfrog misses you. The steam dragon bites you.
* * * LOW HITPOINT WARNING * * *
The steam dragon claws you but does no damage.
The bullfrog attacks as you move away! The bullfrog hits you.
* * * LOW HITPOINT WARNING * * *
The bullfrog is engulfed in a cloud of scalding steam.
The bullfrog closely misses you.
You feel much better.
The steam dragon is no longer more vulnerable to fire.
The bullfrog is engulfed in a cloud of scalding steam.
The bullfrog hits you but does no damage.
The steam dragon bites you.
The steam dragon claws you but does no damage.
Casting: Foxfire (safe; 1% risk of failure)
Confirm with . or Enter, or press ? or * to list all spells.
Flames lash the bullfrog.
You kill the bullfrog!
The steam dragon breathes steam at you. The ball of steam hits you!
* * * LOW HITPOINT WARNING * * *
You are engulfed in a cloud of scalding steam.
You die...

. .. #### ## ...
##...#... ....
###<†...... .....
#..§.§.....
......#D@§§......
........§§.......
......#..........
.......=.....#...
.....##.....#####
.... #.....# ##
#....## #....#
#....#


You could see a steam dragon.

Vanquished Creatures
  Eustachio (D:3)
  An ice beast (D:4)
  3 black bears (D:4)
  3 ogres
  2 centaurs
  A phantom (D:6)
  A bullfrog (D:7)
  A necrophage (D:6)
  3 scorpions
  2 wights
  An orc priest (D:5)
  A gnoll shaman (D:6)
  2 hounds
  An iguana (D:6)
  An orc wizard (D:5)
  8 gnolls (D:6)
  6 adders
  2 ufetubi (D:6)
  4 worms (D:2)
  A dart slug (D:2)
  2 orcs
  2 ball pythons
  4 bats
  7 endoplasms
  7 goblins
  4 hobgoblins
  10 jackals
  7 kobolds
  8 quokkas
  6 frilled lizards
  4 rats
106 creatures vanquished.

Vanquished Creatures (others)
  An adder (D:5)
  381 foxfires
382 creatures vanquished.

Grand Total: 488 creatures vanquished

Notes
Turn   | Place    | Note
-------+----------+-------------------------------------------
     0 | D:1      | kae the Demigod Fire Elementalist began the quest for the
                  | Orb.
     0 | D:1      | Reached XP level 1. HP: 14/14 MP: 5/5
    61 | D:1      | Reached skill level 1 in Conjurations
   318 | D:1      | Reached XP level 2. HP: 20/20 MP: 5/7
   395 | D:1      | Reached skill level 3 in Fire Magic
  1321 | D:1      | Learned a level 2 spell: Scorch
  1603 | D:2      | Reached XP level 3. HP: 26/26 MP: 3/9
  1607 | D:2      | Learned a level 3 spell: Conjure Flame
  1898 | D:2      | Identified the +8 dagger "Unneopt" {protect, *Slow +Blink
                  | rPois rN+++ rCorr}
  2487 | D:2      | Reached XP level 4. HP: 33/33 MP: 5/10
  3406 | D:4      | Reached XP level 5. HP: 29/38 MP: 0/12
  3688 | D:4      | Noticed a black bear
  3702 | D:4      | Killed a black bear
  3703 | D:4      | Reached skill level 4 in Fire Magic
  3975 | D:4      | Noticed an ogre
  3984 | D:4      | Killed an ogre
  3985 | D:4      | Reached XP level 6. HP: 45/45 MP: 6/14
  4057 | D:4      | Noticed Eustachio
  4119 | D:3      | Killed Eustachio
  4565 | D:4      | Learned a level 3 spell: Inner Flame
  4587 | D:5      | Entered Level 5 of the Dungeon
  4945 | D:4      | Reached XP level 7. HP: 50/50 MP: 13/16
  5229 | D:4      | Reached skill level 5 in Fire Magic
  6200 | D:5      | Found Momy's Antique Armour Emporium.
  6735 | D:6      | Reached skill level 5 in Conjurations
  6925 | D:6      | Reached skill level 5 in Spellcasting
  7057 | D:6      | Reached XP level 8. HP: 57/57 MP: 15/19
  7072 | D:6      | Reached skill level 6 in Fire Magic
  8001 | D:6      | Found a runed translucent gate.
  8002 | D:6      | Found a runed translucent gate.
  8002 | D:6      | Found a runed translucent gate.
  8003 | D:6      | Noticed kae's ghost (novice DgFE)
  8003 | D:6      | Noticed DrLatency's ghost (amateur FeCK)
  8003 | D:6      | Noticed initializr's ghost (novice PaFi)
  8244 | D:7      | Engulfed by a steam dragon's steam

Illustrated notes

Levels and vault maps discovered:
D:1:      evilmike_arrival_plus, layout_basic
D:2:      layout_basic
D:3:      layout_basic
D:4:      nicolae_BIG_FREAKIN_CUBE, layout_basic, uniq_eustachio
D:5:      layout_basic, serial_shops, shop
D:6:      layout_loops_ring, gammafunk_ghost_cemetery, due_unseen_surprise
D:7:      layout_rooms, minmay_temple_entry_statues_fountains,
          minmay_misc_feat_x, uniq_joseph

Skill      XL: |  1  2  3  4  5  6  7  8 |
---------------+-------------------------+-----
Conjurations   | 1 2 3 4 5 |  5.9
Spellcasting   | 2 3 4 5 |  5.7
Fire Magic     | 3 4 5 6 |  6.5
Dodging        | |  1.7
Stealth        | |  1.7

Action                   |  1- 3 |  4- 6 |  7- 9 || total
-------------------------+-------+-------+-------++-------
Melee: Unarmed           |     2 |       |       ||     2
       Dagger            |    13 |     1 |     8 ||    22
 Cast: Foxfire           |   104 |    59 |    67 ||   230
       Scorch            |     1 |    19 |    36 ||    56
       Conjure Flame     |       |     2 |     4 ||     6
  Use: Scroll            |     3 |     7 |     6 ||    16
       Potion            |       |       |     5 ||     5
Armor: Robe              |    21 |    18 |    56 ||    95
Dodge: Dodged            |    26 |    31 |   101 ||   158

Table legend: (Time is in decaauts)
 A = Elapsed time spent in this place.
 B = Non-inter-level travel time spent in this place.
 C = Inter-level travel time spent in this place.
 D = Time resting spent in this place.
 E = Time spent auto-exploring this place.
 F = Levels seen in this place.
 G = Mean time per level.
                   A        B        C        D        E       F      G
               +--------+--------+--------+--------+--------+-----+--------+
         Total |   8250 |   8048 |    202 |    870 |   6180 |   7 | 1178.6 |
       Dungeon |   8250 |   8048 |    202 |    870 |   6180 |   7 | 1178.6 |
               +--------+--------+--------+--------+--------+-----+--------+

Top non-repeatable levels by time:
     D:4: 2400 daAuts
     D:6: 1430 daAuts
     D:1: 1378 daAuts
     D:2: 1314 daAuts
     D:5: 844 daAuts
     D:3: 782 daAuts
     D:7: 99 daAuts
